 Seeded DCSS version 0.29.1-15-g9cfb28693d (webtiles) character file.

Game seed: 8515177902725472229 (custom seed)

295 hikkokomori the Shield-Bearer (level 6, -1/53 HPs)
             Began as a Gnoll Fighter on Apr 20, 2023.
             Succumbed to a water moccasin's poison
             ... on level 5 of the Dungeon.
             The game lasted 00:03:24 (3625 turns).

hikkokomori the Shield-Bearer (Gnoll Fighter)       Turns: 3625, Time: 00:03:25

Health: -1/53      AC:  9    Str: 15    XL:     6   Next: 34%
Magic:  9/9        EV:  9    Int:  7    God:
Gold:   197        SH:  6    Dex: 14    Spells: 7/9 levels left

rFire   . . .      SeeInvis .   a - +0 war axe
rCold   + + .      Faith    .   c - +0 buckler
rNeg    . . .      Spirit   .   b - +0 scale mail
rPois   .          Reflect  .   m - +0 hat
rElec   .          Harm     .   (no cloak)
rCorr   .          Rampage  .   (no gloves)
Will    +....                   x - +0 pair of boots
Stlth   +.........              (no amulet)
HPRegen 0.17/turn               g - ring of Suspected Treachery {rC++ Will+}
MPRegen 0.11/turn               (no ring)

@: mighty, lethally poisoned (-1 -> -19)
A: fangs 1, strong nose, distributed training
a: no special abilities


You were on level 5 of the Dungeon.
You visited 1 branch of the dungeon, and saw 5 of its levels.

You collected 197 gold pieces.

Inventory:

Hand Weapons
 a - a +0 war axe (weapon)
Armour
 b - a +0 scale mail (worn)
 c - a +0 buckler (worn)
 m - a +0 hat (worn)
 x - a +0 pair of boots (worn)
Jewellery
 g - the ring of Suspected Treachery (left hand) {rC++ Will+}
   (You acquired it on level 1 of the Dungeon)

   [ring of willpower]

   rC:        It greatly protects you from cold.
   Will:      It increases your willpower.
 s - an amulet of the acrobat
Wands
 y - a wand of paralysis (2)
Scrolls
 f - 2 scrolls of identify
 k - 3 scrolls of blinking {unknown}
 n - a scroll of noise
 p - a scroll of vulnerability {unknown}
 q - 2 scrolls of teleportation
 r - a scroll of enchant weapon {unknown}
 t - 2 scrolls of fear {unknown}
 w - a scroll of amnesia {unknown}
 A - a scroll of butterflies {unknown}
 B - 2 scrolls of enchant armour {unknown}
 C - a scroll of poison {unknown}
Potions
 d - a potion of might
 e - 3 potions of curing {unknown}
 h - a potion of attraction {unknown}
 i - a potion of flight {unknown}
 j - 3 potions of heal wounds {unknown}
 l - a potion of mutation {unknown}
 o - 2 potions of haste {unknown}
 u - 2 potions of lignification {unknown}
 v - a potion of magic {unknown}
 z - a potion of cancellation {unknown}


   Skills:
 + Level 6.8 Fighting
 + Level 2.0 Short Blades
 + Level 2.0 Long Blades
 + Level 5.0 Axes
 + Level 2.0 Maces & Flails
 + Level 2.0 Polearms
 + Level 2.0 Staves
 + Level 2.0 Ranged Weapons
 + Level 2.0 Throwing
 + Level 6.8 Armour
 + Level 2.0 Dodging
 + Level 2.0 Stealth
 + Level 6.8 Shields
 + Level 2.0 Unarmed Combat
 + Level 2.0 Spellcasting
 + Level 1.5 Conjurations
 + Level 1.5 Hexes
 + Level 1.5 Summonings
 + Level 1.5 Necromancy
 + Level 1.5 Translocations
 + Level 1.5 Transmutations
 + Level 1.5 Fire Magic
 + Level 1.5 Ice Magic
 + Level 1.5 Air Magic
 + Level 1.5 Earth Magic
 + Level 1.5 Poison Magic
 + Level 2.2 Invocations
 + Level 2.0 Evocations


You had 7 spell levels left.
You knew the following spells:

 Your Spells              Type           Power      Damage    Failure   Level
a - Wereblood             Tmut           2%         N/A       77%         2

Your spell library contained the following spells:

 Spells                   Type           Power      Damage    Failure   Level
 Beastly Appendage        Tmut           4%         N/A       63%         1
 Slow                     Hex            8%         N/A       63%         1
 Confusing Touch          Hex            2%         N/A       94%         3
 Inner Flame              Hex/Fire       2%         N/A       94%         3
 Spider Form              Tmut/Pois      2%         N/A       94%         3
 Vampiric Draining        Necr           2%         2d6       94%         3
 Cause Fear               Hex            1%         N/A       100%        4
 Passage of Golubria      Tloc           2%         N/A       100%        4
 Silence                  Hex/Air        1%         N/A       100%        5
 Discord                  Hex            1%         N/A       100%        8
 Lehudib's Crystal Spear  Conj/Erth      1%         10d2      100%        8


Dungeon Overview and Level Annotations

Branches:
Dungeon (5/15)
 Temple: D:4-7

Altars:
Vehumet
Xom

Shops:
D:2 *

Annotations:
D:4 2 transporters, Wkid's ghost, weakling OpDe


Innate Abilities, Weirdness & Mutations

You have very sharp teeth.
Your uncanny sense of smell can sniff out nearby items.
Your experience applies equally to all skills.


Message History

The gnoll completely misses you.
As you read the scroll of teleportation, it crumbles to dust.
You feel strangely unstable.
The gnoll is no longer moving quickly.
You block the gnoll's attack. The gnoll hits you but does no damage.
Unknown command.
You hit the gnoll.
You kill the gnoll!
The gnoll is no longer moving quickly.
You block the gnoll's attack.
Your surroundings suddenly seem different.
A water moccasin comes into view.
The water moccasin hisses angrily.
The water moccasin bites you but does no damage.
An orc comes into view. It is wielding a +0 dagger.
The water moccasin bites you.
You feel very mighty all of a sudden. The water moccasin bites you.
You slice the water moccasin!!
The water moccasin is severely wounded.
The water moccasin bites you but does no damage. x2
You closely miss the water moccasin. You bite the water moccasin.
The water moccasin is almost dead.
You slash the orc!
You kill the orc!
The water moccasin bites you. The water moccasin barely misses you.
You barely miss the water moccasin. Your bite misses the water moccasin.
The water moccasin is almost dead.
The water moccasin barely misses you. The water moccasin bites you!
* * * LOW HITPOINT WARNING * * *
You miss the water moccasin.
The water moccasin is almost dead.
You block the water moccasin's attack. The water moccasin misses you.
You closely miss the water moccasin.
The water moccasin is almost dead.
The water moccasin bites you!
* * * LOW HITPOINT WARNING * * *
You are lethally poisoned!
The water moccasin poisons you!
You closely miss the water moccasin.
The water moccasin is almost dead.
You die...

.##.# #.#####
###.# #.# # #.#
#####.# ###.##
###.....# .....#
#.......# .##..#
##..#.#### . #..#
#####...##.#######
..#..###
#.)...#.###......#
.......#
#@###...##.#####.#
.###.#.# #S#
##..#.## #..
.[#....# #.#
#.#.## #..
.......# #.# #.#.#
#.# .##....# ..#
#.#.# #.# .###.#.#
.## #.#.# #.#
.....#.# . #.#.#
##.# .......# #.
#.#.# #...
###.####
....######...


You could see a water moccasin.

Vanquished Creatures
  A jelly (D:2)
  An orc priest (D:4)
  A gnoll bouda (D:5)
  3 iguanas
  2 gnolls
  2 adders (D:4)
  An ufetubus (D:4)
  3 dart slugs
  11 orcs
  5 ball pythons
  5 bats
  3 endoplasms
  4 giant cockroaches
  7 goblins
  7 hobgoblins
  5 jackals (D:2)
  A quokka (D:5)
  5 frilled lizards
  4 kobolds
  4 rats
75 creatures vanquished.

Vanquished Creatures (others)
  A plant (D:3)
1 creature vanquished.

Grand Total: 76 creatures vanquished

Notes
Turn   | Place    | Note
-------+----------+-------------------------------------------
     0 | D:1      | hikkokomori the Gnoll Fighter began the quest for the Orb.
     0 | D:1      | Reached XP level 1. HP: 23/23 MP: 1/1
   182 | D:1      | Reached XP level 2. HP: 29/29 MP: 2/2
   877 | D:1      | Identified a scroll of acquirement
   877 | D:1      | Acquired the ring of Suspected Treachery {rC++ Will+}
   885 | D:2      | Reached XP level 3. HP: 35/35 MP: 3/3
  1176 | D:2      | Reached skill level 1 in Invocations
  1398 | D:2      | Reached skill level 1 in Short Blades
  1398 | D:2      | Reached skill level 1 in Long Blades
  1398 | D:2      | Reached skill level 1 in Maces & Flails
  1398 | D:2      | Reached skill level 1 in Polearms
  1398 | D:2      | Reached skill level 1 in Staves
  1398 | D:2      | Reached skill level 1 in Ranged Weapons
  1398 | D:2      | Reached skill level 1 in Throwing
  1398 | D:2      | Reached skill level 1 in Dodging
  1398 | D:2      | Reached skill level 1 in Stealth
  1398 | D:2      | Reached skill level 1 in Unarmed Combat
  1398 | D:2      | Reached skill level 1 in Spellcasting
  1398 | D:2      | Reached skill level 1 in Evocations
  1422 | D:2      | Found a shimmering altar of Xom.
  1439 | D:2      | Found Vuamm's General Store.
  1572 | D:2      | Reached skill level 1 in Conjurations
  1572 | D:2      | Reached skill level 1 in Hexes
  1572 | D:2      | Reached skill level 1 in Summonings
  1572 | D:2      | Reached skill level 1 in Necromancy
  1572 | D:2      | Reached skill level 1 in Translocations
  1572 | D:2      | Reached skill level 1 in Transmutations
  1572 | D:2      | Reached skill level 1 in Fire Magic
  1572 | D:2      | Reached skill level 1 in Ice Magic
  1572 | D:2      | Reached skill level 1 in Air Magic
  1572 | D:2      | Reached skill level 1 in Earth Magic
  1572 | D:2      | Reached skill level 1 in Poison Magic
  1572 | D:2      | Reached XP level 4. HP: 40/41 MP: 5/5
  1733 | D:3      | Found a faded altar of an unknown god.
  2159 | D:3      | Reached XP level 5. HP: 45/47 MP: 5/7
  2433 | D:4      | Found a transporter.
  2436 | D:4      | Noticed Wkid's ghost (weakling OpDe)
  2748 | D:4      | Found a transporter.
  2855 | D:4      | Learned a level 2 spell: Wereblood
  3271 | D:5      | Entered Level 5 of the Dungeon
  3385 | D:5      | Reached XP level 6. HP: 35/53 MP: 8/8
  3585 | D:5      | Found a radiant altar of Vehumet.
  3613 | D:5      | Reached skill level 5 in Axes
  3618 | D:5      | Noticed a water moccasin
  3625 | D:5      | Succumbed to a water moccasin's poison

Illustrated notes

Levels and vault maps discovered:
D:1:      sevenhm_arrival_forest_fort_large_4, layout_basic,
          nrook_loot_triangle, minmay_lizard_pond
D:2:      layout_loops_ring, basic_altar, serial_shops,
          nicolae_shop_temple_entry_statues_fountains
D:3:      layout_basic, ebering_ecumenical_altar_webs, serial_forest,
          infiniplex_forest_lined_corner, infiniplex_forest_lined_1,
          infiniplex_forest_lined_1, infiniplex_forest_clump_small,
          infiniplex_forest_lined_room_3, infiniplex_forest_straight_1,
          infiniplex_forest_lined_room_2, infiniplex_forest_straight_4
D:4:      layout_cave_pools, gammafunk_ghost_arena
D:5:      layout_loops_ring, mainiacjoe_overflow_catwalk, nicolae_specific_store

Skill      XL: |  1  2  3  4  5  6 |
---------------+-------------------+-----
Invocations    | 1 2 |  2.2
Short Blades   | 1 2 |  2.0
Long Blades    | 1 2 |  2.0
Maces & Flails | 1 2 |  2.0
Polearms       | 1 2 |  2.0
Staves         | 1 2 |  2.0
Ranged Weapons | 1 2 |  2.0
Throwing       | 1 2 |  2.0
Dodging        | 1 2 |  2.0
Stealth        | 1 2 |  2.0
Unarmed Combat | 1 2 |  2.0
Spellcasting   | 1 2 |  2.0
Evocations     | 1 2 |  2.0
Conjurations   | 1 |  1.5
Hexes          | 1 |  1.5
Summonings     | 1 |  1.5
Necromancy     | 1 |  1.5
Translocations | 1 |  1.5
Transmutations | 1 |  1.5
Fire Magic     | 1 |  1.5
Ice Magic      | 1 |  1.5
Air Magic      | 1 |  1.5
Earth Magic    | 1 |  1.5
Poison Magic   | 1 |  1.5
Axes           | 5 |  5.0
Fighting       | |  6.8
Armour         | |  6.8
Shields        | |  6.8

Action                   |  1- 3 |  4- 6 || total
-------------------------+-------+-------++-------
Melee: War axe           |    71 |   113 ||   184
       Bite              |     7 |    13 ||    20
  Use: Scroll            |     1 |     3 ||     4
       Potion            |       |     1 ||     1
Armor: Scale mail        |    28 |    42 ||    70
Dodge: Dodged            |    31 |    38 ||    69
Block: Buckler           |    21 |    30 ||    51
